Map: Catalyst LE

Players

Leon

  • Race: Terran Terran
  • League: Diamond
  • Spawn Location: 11:00

Majesty - Winner!

  • Race: Protoss Protoss
  • League: Diamond
  • Spawn Location: 5:00

VOD

Have the link to the VOD?

Description

PvT cheese

Time

  • Played on: June 28, 2018, 8:06 p.m.
  • Length: 6:09
Show
View Real Time Build Order
Export as new Build Order

Leon Terran 

Build Orders: Reaper Expand 

Get SALT Encoding   

  12  0:00  SCV  
  13  0:13  SCV  
  14  0:18  Supply Depot  
  14  0:25  SCV  
  15  0:36  Refinery  
  15  0:41  Barracks  
  15  0:45  SCV  
  16  0:57  SCV  
  17  1:09  SCV  
  18  1:23  SCV  
  19  1:28  Reaper  
  20  1:35  Orbital Command  
  20  1:47  Command Center  
  20  1:55  Refinery  
  20  2:02  Supply Depot  
  20  2:05  SCV  
  21  2:16  Barracks Reactor  
  21  2:20  Factory  
  21  2:48  SCV  
  22  3:00  Orbital Command, SCV  
  22  3:01  Barracks Reactor  
  23  3:06  Factory  
  23  3:09  Hellion x2  
  27  3:18  SCV  
  28  3:30  SCV  
  31  3:43  Cyclone x2  
  35  3:50  SCV  
  35  3:51  SCV  
  35  3:55  Supply Depot  
  37  4:02  SCV  
  38  4:03  SCV  
  39  4:10  Hellion, Cyclone  
  33  5:05  Cyclone x2  
  33  5:06  Hellion x2  
Show
View Real Time Build Order
Export as new Build Order

Majesty Protoss - Winner!

Build Orders:  

Get SALT Encoding   

  12  0:01  Probe  
  13  0:13  Probe  
  14  0:18  Pylon  
  14  0:24  Probe  
  15  0:33  Probe  
  15  0:41  Gateway  
  15  0:42  Probe  
  17  0:50  Assimilator  
  17  0:52  Probe  
  18  0:57  Assimilator  
  18  1:00  Probe  
  19  1:12  Probe  
  19  1:14  Gateway  
  20  1:26  Probe  
  20  1:30  Cybernetics Core  
  21  1:37  Pylon  
  21  1:40  Probe  
  22  1:53  Probe  
  23  2:01  Gateway  
  23  2:06  Stargate  
  23  2:12  Stalker, Warp Gate  
  25  2:31  Pylon  
  25  2:34  Stalker  
  26  2:46  Probe  
  26  2:59  Void Ray, Probe  
  31  3:09  Shield Battery  
  31  3:15  Shield Battery  
  31  3:19  Pylon  
  30  3:35  Probe  
  31  3:42  Void Ray  
  35  3:53  Shield Battery  
  35  4:26  Stalker x3  
  41  4:36  Void Ray  
  45  4:54  Stalker  
  45  4:59  Pylon  
  47  5:01  Pylon  
  47  5:02  Pylon  
  47  5:25  Void Ray  
  51  5:34  Stalker x2  
  47  5:56  Stalker  
  49  5:57  Stalker  
  49  5:58  Stalker  
Tags
 
Add a new tag
Caveats
  • Supply blocks, unpowered buildings, or Contaminate may cause inaccurate times.
  • Supply counts are checked every 10 seconds.